 Dungeon Crawl Stone Soup version 0.18-a0-965-g9200175 (webtiles) character file.

1341 root the Firebug (level 8, 0/59 HPs)
             Began as a Mottled Draconian Fire Elementalist on Jan 1, 2016.
             Was a Follower of Vehumet.
             Killed from afar by an orc wizard (7 damage)
             ... with a magic dart
             ... on level 7 of the Dungeon.
             The game lasted 00:35:04 (6715 turns).

root the Firebug (DrFE)                             Turns: 6715, Time: 00:35:04

Health: 0/59       AC:  6    Str: 10    XL:     8   Next: 35%
Magic:  7/15       EV: 13    Int: 18    God:    Vehumet [*.....]
Gold:   400        SH:  0    Dex: 12    Spells: 2 memorised, 12 levels left

rFire  . . .     SeeInvis .     (no weapon)
rCold  + . .     Gourm    .     (armour unavailable)
rNeg   . . .     Faith    .     (no shield)
rPois  .         Spirit   .     (helmet restricted)
rElec  .         Dismiss  .     (no cloak)
rCorr  .         Reflect  .     (no gloves)
SustAt .         Harm     .     (no boots)
MR     .....                    (no amulet)
Stlth  ++........               y - ring of flight
                                j - ring of protection from cold

@: short of breath, very slightly contaminated, slowed, very slow, not resistant
to hostile enchantments, unstealthy
A: breathe sticky flame splash, unfitting armour, cold-blooded, AC +6
a: Breathe Sticky Flame, Renounce Religion, Evoke Flight


You were on level 7 of the Dungeon.
You worshipped Vehumet.
Vehumet was aware of your devotion.
You were near starving.

You visited 2 branches of the dungeon, and saw 8 of its levels.

You collected 400 gold pieces.

Inventory:

Jewellery
 j - a ring of protection from cold (left hand)
 p - an uncursed ring of sustain attributes
 y - a ring of flight (right hand)
Wands
 u - a wand of random effects (26/48)
 w - a wand of draining (6/15)
Scrolls
 d - a scroll of blinking
 e - a scroll of fog
 f - 2 scrolls of teleportation
 g - 2 scrolls of recharging {unknown}
 i - 5 scrolls of identify {unknown}
 k - a scroll of amnesia {unknown}
 s - a scroll of enchant armour {unknown}
 v - a scroll of immolation {unknown}
 x - a scroll of remove curse {unknown}
 z - a scroll of brand weapon {unknown}
Potions
 c - a potion of cancellation {unknown}
 h - a potion of flight
 l - a potion of heal wounds {unknown}
 m - a potion of ambrosia
 o - a potion of poison {unknown}
 q - 3 potions of curing {unknown}
 A - a potion of lignification {unknown}
Books
 a - a book of Flames

   Spells                             Type                      Level
   a - Flame Tongue                   Conjuration/Fire             1
   b - Throw Flame                    Conjuration/Fire             2
   c - Conjure Flame                  Conjuration/Fire             3
   d - Inner Flame                    Hexes/Fire                   3
   e - Sticky Flame                   Conjuration/Fire             4
   f - Fireball                       Conjuration/Fire             5
Comestibles
 b - 3 bread rations
 n - a beef jerky
 r - 3 fruits
 t - a royal jelly


   Skills:
 + Level 1.2 Fighting
 + Level 4.0 Dodging
 - Level 1.7 Stealth
 + Level 4.8 Spellcasting
 + Level 4.4 Conjurations
 * Level 7.8 Fire Magic


You had 12 spell levels left.
You knew the following spells:

 Your Spells              Type           Power        Failure   Level  Hunger
a - Flame Tongue          Conj/Fire      ####.        1%          1    None
b - Conjure Flame         Conj/Fire      ####....     3%          3    ###....


Dungeon Overview and Level Annotations

Branches:
Dungeon (7/15)             Temple (1/1) D:4

Altars:
Ashenzari
Dithmenos
Elyvilon
Fedhas
Gozag
Kikubaaqudgha
Makhleb
Nemelex Xobeh
Okawaru
Pakellas
Qazlal
Ru
Sif Muna
Trog
Vehumet
Xom
Yredelemnul
The Shining One

Shops:
D:4 (

Annotations:
D:3 4thArraOfDagon's ghost, weakling CeAr
D:4 1 exclusion
D:7 graki42's ghost, novice OpAK


Innate Abilities, Weirdness & Mutations

You can spit globs of burning liquid.
You can ignite nearby creatures when you spit burning liquid.
Your weird mottled scales are hard (AC +6).
Your body does not fit into most forms of armour.
You are cold-blooded and may be slowed by cold attacks.


Message History

Aim: an orc wizard, wielding a dagger and wearing a glowing robe (almost dead, fast)
The flame tongue hits the orc wizard.
You kill the orc wizard!
Vehumet accepts your kill.
Your Dodging skill increases to level 4!
The orc wizard casts a spell at you. The magic dart hits you!
* * * LOW HITPOINT WARNING * * *
Press: ? - help, Shift-Dir - straight line, f - orc wizard
Aim: an orc wizard, wielding an enchanted dagger and wearing a robe You spit a glob of burning liquid.
The splash of liquid fire hits the orc wizard.
The orc wizard is lightly wounded.
The orc wizard is covered in liquid flames!
You are near starving!
The orc wizard burns! x2
The orc wizard misses you.
The orc wizard points at you and mumbles some strange words.
The magic dart hits you!
You die...

.....########.....##
......# #####....#
......# #...'....#
......+ #...#....#
......# #...#....#
......# +...#....+
......#########....#
.................###
.#####......)).o@# .
........)..# .
..........# .
###'#####... # ...
#.... . ... '%....#
. .. #.....# #.....#


You could see an orc wizard (burning).

Vanquished Creatures
  A sky beast (D:7)
  An orc warrior (D:7)
  A phantom (D:6)
  An ogre (D:4)
  2 centaurs
  3 scorpions
  2 hounds
  2 jellies
  4 orc priests (D:7)
  An iguana (D:4)
  An orc wizard (D:7)
  A centaur skeleton (D:6)
  7 worker ants
  A hound skeleton (D:4)
  8 adders
  An adder skeleton (D:4)
  2 worms (D:3)
  5 giant geckos
  5 orcs
  2 ball pythons
  8 bats
  8 giant cockroaches
  10 goblins
  5 hobgoblins
  7 jackals
  7 quokkas
  A giant gecko skeleton (D:5)
  6 giant newts
  7 kobolds
  7 rats
117 creatures vanquished.

Notes
Turn   | Place    | Note
--------------------------------------------------------------
     0 | D:1      | root the Draconian Fire Elementalist began the quest for the Orb.
     0 | D:1      | Reached XP level 1. HP: 14/14 MP: 3/3
   273 | D:1      | Reached XP level 2. HP: 20/20 MP: 1/5
  1014 | D:1      | Reached XP level 3. HP: 19/26 MP: 0/6
  1074 | D:1      | Learned a level 3 spell: Conjure Flame
  1570 | D:2      | Reached skill level 4 in Fire Magic
  1716 | D:2      | Reached XP level 4. HP: 25/33 MP: 0/7
  2347 | D:3      | Noticed 4thArraOfDagon's ghost (weakling CeAr)
  2602 | D:3      | Reached XP level 5. HP: 39/39 MP: 7/9
  3218 | D:4      | Found a staircase to the Ecumenical Temple.
  3227 | Temple   | Entered the Ecumenical Temple
  3263 | Temple   | Became a worshipper of Vehumet
  4147 | D:4      | Reached XP level 6. HP: 46/46 MP: 8/10
  4374 | D:4      | Found Wyshes's Antique Weapon Boutique.
  4460 | D:4      | Reached skill level 5 in Fire Magic
  4968 | D:5      | Entered Level 5 of the Dungeon
  5334 | D:5      | Your scales start taking on a weird mottled colour.
  5334 | D:5      | Reached XP level 7. HP: 51/51 MP: 6/12
  5364 | D:5      | Reached skill level 6 in Fire Magic
  5911 | D:6      | Reached skill level 7 in Fire Magic
  6041 | D:7      | Reached XP level 8. HP: 35/58 MP: 11/14
  6062 | D:7      | Reached * piety under Vehumet
  6062 | D:7      | Offered knowledge of Magic Dart by Vehumet.
  6062 | D:7      | Reached skill level 1 in Fighting
  6492 | D:7      | Noticed graki42's ghost (novice OpAK)
  6715 | D:7      | Killed from afar by an orc wizard

Vault maps used:
D:1:      roderic_crop_circles_arrival_small, minmay_misc_feat_x
D:2:      grunt_ministairs_1
D:3:      nrook_mini_backslash
D:4:      lemuel_temple_firewalk_marked, first_bread, serial_shops,
          kennysheep_mini, feat_on_display
D:7:      nicolae_overflow_hidden_temple, basic_altar, grunt_decor_clamped
Temple:   kilobyte_greek_temple_18

Action                   |  1- 3 |  4- 6 |  7- 9 || total
-------------------------+-------+-------+-------++-------
Melee: Unarmed           |     1 |     4 |       ||     5
 Cast: Flame Tongue      |    79 |   138 |    61 ||   278
       Conjure Flame     |       |     6 |     1 ||     7
 Abil: Breathe Sticky Fl |       |       |    11 ||    11
Evoke: Wand              |       |       |     1 ||     1
  Use: Potion            |       |     2 |       ||     2
       Scroll            |       |       |     3 ||     3
  Eat: Chunk             |     4 |    12 |     2 ||    18
       Pizza             |       |       |     1 ||     1
       Fruit             |       |       |     1 ||     1
